 Dungeon Crawl Stone Soup version 0.17-a0-1442-g10bb59b (webtiles) character file.

116 mrath the Chopper (level 5, 0/44 HPs)
             Began as a Hill Orc Gladiator on June 28, 2015.
             Was an Initiate of Nemelex Xobeh.
             Killed by divine providence
             ... invoked by an orc priest
              (6 damage)
             ... on level 4 of the Dungeon.
             The game lasted 00:39:32 (3154 turns).

mrath the Chopper (Hill Orc Gladiator)              Turns: 3154, Time: 00:39:36

Health: 0/44       AC:  6    Str: 28    XL:     5   Next: 1%
Magic:  5/5        EV: 12    Int:  8    God:    Nemelex Xobeh [......]
Gold:   140        SH:  0    Dex: 12    Spells: 0 memorised, 4 levels left

rFire  . . .     SeeInvis .     a - +1 war axe
rCold  . . .     Clarity  .     l - +0 ring mail
rNeg   . . .     SustAt   .     (no shield)
rPois  .         Gourm    .     c - +0 helmet
rElec  .         Spirit   .     (no cloak)
rCorr  .         Warding  .     (no gloves)
rMut   .         Stasis   .     (no boots)
MR     .....                    (no amulet)
Stlth  +.........               (no ring)
                                (no ring)

@: aura of abjuration, immense fortitude, not resistant to hostile enchantments,
very unstealthy
A: no striking features
a: Renounce Religion, Convert to Beogh


You were on level 4 of the Dungeon.
You worshipped Nemelex Xobeh.
Nemelex Xobeh was noncommittal.
You were not hungry.

You visited 1 branch of the dungeon, and saw 4 of its levels.

You collected 140 gold pieces.

Inventory:

Hand weapons
 a - a +1 war axe (weapon)
 k - a +0 spear
 r - a +1 hunting sling
 z - a +0 blowgun
 A - a +0 short sword
Missiles
 d - 3 throwing nets
 i - 56 bolts
 n - 44 stones (quivered)
 q - 11 sling bullets
 v - 34 poisoned needles
Armour
 b - a +0 leather armour
 c - a +0 helmet (worn)
 g - a +0 scale mail
 l - a +0 ring mail (worn)
 m - a +2 cloak
 D - a +2 helmet
Scrolls
 e - a scroll of amnesia
Potions
 f - a potion of brilliance {unknown}
 h - 2 potions of heal wounds
 p - 2 potions of beneficial mutation
 u - a potion of lignification {unknown}
 x - a potion of ambrosia {unknown}
Miscellaneous
 B - a plain deck of war {drawn: 3}
Comestibles
 j - a beef jerky
 o - 3 meat rations
 s - a chunk of flesh
 t - a royal jelly
 w - 3 fruits


   Skills:
 + Level 2.8 Fighting
 + Level 4.7 Axes
 + Level 1.1(1.8) Slings
 + Level 2.4(2.6) Throwing
 + Level 1.6 Armour
 + Level 3.1 Dodging
 + Level 0.6 Stealth


You had 4 spell levels left.
You didn't know any spells.

Dungeon Overview and Level Annotations

Branches:
Dungeon (4/15)
 Temple: D:4-7

Altars:
Cheibriados
Makhleb
Nemelex Xobeh
Xom
Yredelemnul


Message History

You hit the hound.
The hound is severely wounded.
The hound bites you.
The orc priest invokes the aid of Beogh against you.
Something smites you!
Evoke which item? (* to show all) (? for menu, Esc to quit)
You draw a card...
It is Water.
The hound bites you but does no damage. The hound bites you.
The orc priest mumbles some strange prayers to Beogh against you.
Something smites you!
* * * LOW HITPOINT WARNING * * *
Evoke which item? (* to show all) (? for menu, Esc to quit)
You draw a card...
It is Fortitude.
You are filled with a great fortitude.
The hound splashes around in the water.
The orc priest's eyes start to glow.
The orc priest invokes the aid of Beogh against you.
Something smites you!
You die...
Your body disappears without a glow. .######## (..oooh@# (########

You could see a hound, 2 orc priests and an orc.

Vanquished Creatures
  A jelly (D:3)
  2 adders
  An ooze (D:3)
  5 worms
  4 orcs
  A ball python (D:3)
  6 bats
  5 goblins
  4 hobgoblins
  2 jackals (D:2)
  A quokka (D:2)
  A giant cockroach (D:3)
  3 giant newts
  6 kobolds
  9 rats
51 creatures vanquished.

Notes
Turn   | Place    | Note
--------------------------------------------------------------
     0 | D:1      | mrath the Hill Orc Gladiator began the quest for the Orb.
     0 | D:1      | Reached XP level 1. HP: 18/18 MP: 1/1
   431 | D:1      | Reached XP level 2. HP: 25/25 MP: 2/2
   902 | D:2      | Reached XP level 3. HP: 16/30 MP: 3/3
  1205 | D:2      | Reached skill level 1 in Armour
  2374 | D:3      | Reached XP level 4. HP: 37/37 MP: 4/4
  2460 | D:3      | Found a shimmering altar of Xom.
  2460 | D:3      | Found a shimmering altar of Xom.
  2469 | D:3      | Found a shimmering altar of Xom.
  2470 | D:3      | Found a shimmering altar of Xom.
  2470 | D:3      | Found a shimmering altar of Xom.
  2470 | D:3      | Found a shimmering altar of Xom.
  2470 | D:3      | Found a shimmering altar of Xom.
  2471 | D:3      | Found a shimmering altar of Xom.
  2590 | D:3      | Found a basalt altar of Yredelemnul.
  2590 | D:3      | Found a sparkling altar of Nemelex Xobeh.
  2596 | D:3      | Became a worshipper of Nemelex Xobeh the Trickster
  2651 | D:3      | Found a snail-covered altar of Cheibriados.
  2835 | D:3      | Reached skill level 1 in Slings
  2941 | D:3      | Received a gift from Nemelex Xobeh
  3038 | D:3      | Found a burning altar of Makhleb.
  3038 | D:3      | Noticed a cacodemon
  3042 | D:3      | Noticed an orange demon
  3042 | D:3      | Noticed an orange demon
  3145 | D:4      | Reached XP level 5. HP: 44/44 MP: 5/5
  3154 | D:4      | Killed from afar by an orc priest

Vault maps used:
D:1:      lightli_molten_gateway
D:2:      serial_co_window_serial, co_window_paths_a, co_window_cross_1,
          co_window_of_opportunity_a, co_window_paths_a, co_window_paths_a,
          co_window_paths_b, co_window_of_opportunity_a,
          co_window_of_opportunity_c, co_window_cross_2, co_window_corner_b,
          co_window_cross_4, co_window_broadway_a, co_window_unsneaky_path_c,
          co_window_4corner_b, glass_columns_a
D:3:      makhleb_altar_promises_db, cheibriados_altar_1, xom_redecorated,
          gammafunk_temple_overflow_statue
D:4:      minmay_temple_entry_fiery, nicolae_dithmenos_the_darkroom

Action                   |  1- 3 |  4- 6 || total
-------------------------+-------+-------++-------
Melee: War axe           |   103 |    27 ||   130
       Spear             |     6 |       ||     6
 Fire: Hunting sling     |    23 |    27 ||    50
Throw: Throwing net      |     4 |       ||     4
       Stone             |    23 |     2 ||    25
Evoke: Deck              |       |     3 ||     3
  Use: Scroll            |     5 |     4 ||     9
  Eat: Chunk             |     3 |       ||     3
       Bread ration      |     1 |       ||     1
